HBL
OCEAN CITY BLUE CRABS @ BROOKLYN CYCLONES
05/20/1997
 
TOP OF THE 1ST
Ocean City Blue Crabs batting - Pitching for Brooklyn Cyclones : RHP Jim Mecir
Pitching: RHP Jim Mecir
Batting: RHB Jarvis Brown 0-0: Ball
1-0: Ball
2-0: Fly out, F8 (Flyball, 8RM, EV 86.3 MPH)
Batting: LHB Pedro Valdes 0-0: Bunt for hit to 2L - play at first, batter OUT! 2-3
Batting: LHB Brad Fullmer 0-0: Foul Ball, location: 2F
0-1: SOLO HOME RUN (Flyball, 89XD, EV 98.1 MPH), Distance : 430 ft
Batting: SHB Junior Felix 0-0: Ball
1-0: Foul Ball, location: 2F
1-1: SINGLE (Line Drive, 5D, EV 95.0 MPH)
Batting: RHB Jeff Abbott 0-0: Called Strike
0-1: SINGLE (Flyball, 89S, EV 83.8 MPH)
Junior Felix to second
Runner from 2nd tries for 3rd, SAFE, throw by RF made to third
Batting: RHB Scott Leius 0-0: Foul Ball, location: 2F
0-1: Foul Ball, location: 2F
0-2: Ball
1-2: Fly out, F8 (Flyball, 78XD, EV 103.1 MPH)
Top of the 1st over - 1 run, 3 hits, 0 errors, 2 left on base; Ocean City 1 - Brooklyn 0
BOTTOM OF THE 1ST
Brooklyn Cyclones batting - Pitching for Ocean City Blue Crabs : RHP Chad Ogea
Pitching: RHP Chad Ogea
Batting: RHB Onix Concepcion 0-0: Ball
1-0: SINGLE (Groundball, 6MD, EV 103.1 MPH)
Batting: LHB Ray Giannelli 0-0: Foul Ball, location: 2F
0-1: Ball
1-1: Foul Ball, location: 2F
1-2: Ball
2-2: Ball
Wild Pitch!
Onix Concepcion to second
3-2: Base on Balls
Batting: RHB Jed Hansen 0-0: Fly out, F7 (Flyball, 7S, EV 92.5 MPH)
Batting: SHB Turner Ward 0-0: Foul Ball, location: 2F
0-1: Swinging Strike
0-2: Foul Ball, location: 2F
0-2: Ball
1-2: Fly out, F8 (Line Drive, 8LM, EV 88.8 MPH)
Batting: LHB Greg Blosser 0-0: Ball
Wild Pitch!
Onix Concepcion to third
Ray Giannelli to second
1-0: Called Strike
1-1: Foul Ball, location: 2F
1-2: Foul Ball, location: 2F
1-2: Foul Ball, location: 2F
1-2: Ground out 3-1 (Groundball, 34, EV 78.1 MPH)
Bottom of the 1st over - 0 runs, 1 hit, 0 errors, 2 left on base; Ocean City 1 - Brooklyn 0
TOP OF THE 2ND
Ocean City Blue Crabs batting - Pitching for Brooklyn Cyclones : RHP Jim Mecir
Batting: RHB Manny Alexander 0-0: Ball
1-0: Ground out 1-3 (Groundball, P, EV 84.4 MPH)
Batting: RHB Cheron Farley 0-0: Called Strike
0-1: Ball
1-1: Swinging Strike
1-2: Ball
2-2: Ball
3-2: Foul Ball, location: 2F
3-2: Foul Ball, location: 2F
3-2: Fly out, F7 (Flyball, 7, EV 95.0 MPH)
Batting: RHB Takeshi Nakamura 0-0: Ball
1-0: Called Strike
1-1: Foul Ball, location: 2F
1-2: Ball
2-2: Strikes out swinging
Top of the 2nd over - 0 runs, 0 hits, 0 errors, 0 left on base; Ocean City 1 - Brooklyn 0
BOTTOM OF THE 2ND
Brooklyn Cyclones batting - Pitching for Ocean City Blue Crabs : RHP Chad Ogea
Batting: RHB Brent Cookson 0-0: Fly out, F9 (Flyball, 89S, EV 91.9 MPH)
Batting: RHB Pedro Castellano 0-0: Ball
1-0: Foul Ball, location: 2F
1-1: Ball
2-1: Ball
3-1: Fly out, F8 (Flyball, 8LS, EV 84.4 MPH)
Batting: RHB Mike R. Fitzgerald 0-0: Called Strike
0-1: Swinging Strike
0-2: Foul Ball, location: 2F
0-2: Ball
1-2: Strikes out swinging
Bottom of the 2nd over - 0 runs, 0 hits, 0 errors, 0 left on base; Ocean City 1 - Brooklyn 0
TOP OF THE 3RD
Ocean City Blue Crabs batting - Pitching for Brooklyn Cyclones : RHP Jim Mecir
Batting: RHB Jarvis Brown 0-0: Called Strike
0-1: Ball
1-1: Swinging Strike
1-2: Ball
2-2: Ball
3-2: Base on Balls
Batting: LHB Pedro Valdes 0-0: Ball
Jarvis Brown steals 2nd base
1-0: Ground out 6-3 (Groundball, 6, EV 100.6 MPH)
Batting: LHB Brad Fullmer 0-0: Called Strike
0-1: DOUBLE (Line Drive, 89XD, EV 103.1 MPH)
Jarvis Brown scores
Batting: SHB Junior Felix 0-0: Foul Ball, location: 2F
0-1: Foul Ball, location: 2F
0-2: Ball
1-2: Foul Ball, location: 2F
1-2: Ball
2-2: Foul Ball, location: 2F
2-2: Ball
3-2: Foul Ball, location: 2F
3-2: Base on Balls
Batting: RHB Jeff Abbott 0-0: Fly out, F7 (Line Drive, 7, EV 91.3 MPH)
Batting: RHB Scott Leius 0-0: Ball
1-0: Ball
2-0: SINGLE (Groundball, 6MD, EV 100.0 MPH)
Brad Fullmer to third
Junior Felix to second
Runner from 3rd tries for Home, SAFE, no throw by CF
Batting: RHB Manny Alexander 0-0: Ball
1-0: Foul Ball, location: 2F
1-1: Swinging Strike
1-2: Ball
2-2: Fly out, F8 (Flyball, 8RM, EV 87.5 MPH)
Top of the 3rd over - 2 runs, 2 hits, 0 errors, 2 left on base; Ocean City 3 - Brooklyn 0
BOTTOM OF THE 3RD
Brooklyn Cyclones batting - Pitching for Ocean City Blue Crabs : RHP Chad Ogea
Batting: RHB Alan Cockrell 0-0: Swinging Strike
0-1: Ball
1-1: Fly out, F7 (Flyball, 7S, EV 88.1 MPH)
Batting: RHB Onix Concepcion 0-0: Ball
1-0: Ball
2-0: Foul Ball, location: 2F
2-1: Foul Ball, location: 2F
2-2: SINGLE (Flyball, 89M, EV 93.1 MPH)
Batting: LHB Ray Giannelli 0-0: Ball
1-0: Ball
2-0: Foul Ball, location: 2F
2-1: Called Strike
2-2: SINGLE (Groundball, 4D, EV 98.8 MPH)
Onix Concepcion to second
Runner from 2nd tries for 3rd, SAFE, no throw by RF
Batting: RHB Jed Hansen 0-0: Called Strike
0-1: Foul Ball, location: 2F
0-2: Strikes out looking
Batting: SHB Turner Ward 0-0: Called Strike
0-1: Ground out 4-3 (Groundball, 4, EV 94.4 MPH)
Bottom of the 3rd over - 0 runs, 2 hits, 0 errors, 2 left on base; Ocean City 3 - Brooklyn 0
TOP OF THE 4TH
Ocean City Blue Crabs batting - Pitching for Brooklyn Cyclones : RHP Jim Mecir
Pitching: RHP Todd Erdos
Batting: RHB Cheron Farley 0-0: Ball
1-0: Swinging Strike
1-1: Ground out 5-3 (Groundball, 5, EV 91.9 MPH)
Batting: RHB Takeshi Nakamura 0-0: Ball
1-0: Foul Ball, location: 2F
1-1: Ball
2-1: Ball
3-1: Base on Balls
Batting: RHB Jarvis Brown 0-0: Ball
1-0: Ball
2-0: Foul Ball, location: 2F
2-1: Ball
3-1: Swinging Strike
3-2: SINGLE (Groundball, 6, EV 107.5 MPH) (infield hit)
Takeshi Nakamura to second
Batting: LHB Pedro Valdes 0-0: Swinging Strike
0-1: Foul Ball, location: 2F
0-2: Ball
1-2: SINGLE (Groundball, 34D, EV 106.3 MPH)
Takeshi Nakamura to third
Jarvis Brown to second
Runner from 3rd tries for Home, SAFE, no throw by RF
Batting: LHB Brad Fullmer 0-0: Ball
1-0: Ball
2-0: Ball
3-0: Base on Balls
Jarvis Brown to third
Pedro Valdes to second
Pitching: RHP Curt Lyons
Batting: SHB Junior Felix 0-0: Swinging Strike
0-1: Foul Ball, location: 2F
0-2: Strikes out swinging
Batting: RHB Jeff Abbott 0-0: SINGLE (Line Drive, 34D, EV 103.1 MPH)
Jarvis Brown scores
Pedro Valdes to third
Brad Fullmer to second
Runner from 3rd tries for Home, SAFE, throw by RF to home
Batting: RHB Scott Leius 0-0: Ball
1-0: Ball
2-0: Ball
3-0: Base on Balls
Brad Fullmer to third
Jeff Abbott to second
Batting: RHB Manny Alexander 0-0: Ball
1-0: SINGLE (Flyball, 78S, EV 92.5 MPH)
Brad Fullmer scores
Jeff Abbott to third
Scott Leius to second
Runner from 3rd tries for Home, SAFE, no throw by LF
Batting: RHB Cheron Farley 0-0: Ball
1-0: Ball
2-0: SINGLE (Line Drive, 89S, EV 103.1 MPH)
Scott Leius to third
Manny Alexander to second
Runner from 3rd tries for Home, SAFE, throw by RF to home
Batting: RHB Takeshi Nakamura 0-0: Called Strike
0-1: Ball
1-1: Ball
2-1: Fly out, F8 (Line Drive, 8LM, EV 89.4 MPH)
Top of the 4th over - 6 runs, 5 hits, 0 errors, 2 left on base; Ocean City 9 - Brooklyn 0
BOTTOM OF THE 4TH
Brooklyn Cyclones batting - Pitching for Ocean City Blue Crabs : RHP Chad Ogea
Batting: LHB Greg Blosser 0-0: Ball
1-0: Ball
2-0: Ball
3-0: Called Strike
3-1: Fly out, F5 (Line Drive, 5, EV 69.4 MPH)
Batting: RHB Brent Cookson 0-0: Called Strike
0-1: Foul Ball, location: 2F
0-2: Strikes out swinging
Batting: RHB Pedro Castellano 0-0: Ball
1-0: Swinging Strike
1-1: Called Strike
1-2: Foul Ball, location: 2F
1-2: Strikes out swinging
Bottom of the 4th over - 0 runs, 0 hits, 0 errors, 0 left on base; Ocean City 9 - Brooklyn 0
TOP OF THE 5TH
Ocean City Blue Crabs batting - Pitching for Brooklyn Cyclones : RHP Curt Lyons
Batting: RHB Jarvis Brown 0-0: Ball
1-0: Ball
2-0: Called Strike
2-1: Ball
3-1: Base on Balls
Pitching: RHP Steve Reed
Batting: LHB Pedro Valdes 0-0: Called Strike
0-1: Ball
1-1: SINGLE (Groundball, 4MD, EV 101.3 MPH)
Jarvis Brown to second
Batting: LHB Brad Fullmer 0-0: Called Strike
0-1: Called Strike
0-2: Foul Ball, location: 2F
0-2: Ball
1-2: Ball
2-2: Fly out, F8 (Flyball, 8RM, EV 95.0 MPH)
Batting: SHB Junior Felix 0-0: SINGLE (Groundball, 34D, EV 99.4 MPH)
Jarvis Brown to third
Pedro Valdes to second
Runner from 3rd tries for Home, SAFE, no throw by RF
Batting: RHB Jeff Abbott 0-0: Foul Ball, location: 2F
0-1: SINGLE (Flyball, 4MD, EV 96.3 MPH)
Pedro Valdes to third
Junior Felix to second
Batting: RHB Scott Leius 0-0: Ball
1-0: Called Strike
1-1: Foul Ball, location: 2F
1-2: SINGLE (Groundball, 15, EV 69.4 MPH) (infield hit)
Pedro Valdes scores
Junior Felix to third
Jeff Abbott to second
Batting: RHB Manny Alexander 0-0: Ball
1-0: Swinging Strike
1-1: Swinging Strike
1-2: Strikes out swinging
Pitching: RHP Mike Glendenning
Batting: RHB Cheron Farley 0-0: Ball
1-0: Ball
2-0: Called Strike
2-1: Foul Ball, location: 2F
2-2: Strikes out swinging
Top of the 5th over - 2 runs, 4 hits, 0 errors, 3 left on base; Ocean City 11 - Brooklyn 0
BOTTOM OF THE 5TH
Brooklyn Cyclones batting - Pitching for Ocean City Blue Crabs : RHP Chad Ogea
Batting: RHB Mike R. Fitzgerald 0-0: Ball
1-0: Called Strike
1-1: Called Strike
1-2: Ball
2-2: Foul Ball, location: 2F
2-2: Foul Ball, location: 2F
2-2: Foul Ball, location: 2F
2-2: Foul Ball, location: 2F
2-2: Foul Ball, location: 2F
2-2: Foul Ball, location: 2F
2-2: Ball
3-2: Fly out, F3 (Popup, 3SF, EV 73.1 MPH)
Batting: RHB Alan Cockrell 0-0: Fly out, F8 (Flyball, 8RM, EV 83.8 MPH)
Batting: RHB Onix Concepcion 0-0: Ball
1-0: SINGLE (Groundball, 6MD, EV 98.1 MPH)
Batting: LHB Ray Giannelli 0-0: Ball
1-0: Ball
2-0: Reached on error, E3 (Groundball, 34, EV 79.4 MPH)
Onix Concepcion to second
Batting: RHB Jed Hansen 0-0: Ground out U3 (Groundball, 34, EV 106.3 MPH)
Bottom of the 5th over - 0 runs, 1 hit, 1 error, 2 left on base; Ocean City 11 - Brooklyn 0
TOP OF THE 6TH
Ocean City Blue Crabs batting - Pitching for Brooklyn Cyclones : RHP Mike Glendenning
Batting: RHB Takeshi Nakamura 0-0: Ball
1-0: SINGLE (Line Drive, 4D, EV 100.6 MPH)
Batting: RHB Jarvis Brown 0-0: Called Strike
0-1: TRIPLE (Groundball, 3L, EV 110.0 MPH)
Takeshi Nakamura scores
Batting: LHB Pedro Valdes 0-0: Called Strike
0-1: Ball
1-1: Fly out, F9 (Line Drive, 9, EV 105.6 MPH)
Runner from 3rd tags up, SCORES, no throw by RF
Batting: LHB Brad Fullmer 0-0: Called Strike
0-1: Ball
1-1: Ball
2-1: Foul Ball, location: 2F
2-2: Ball
3-2: Base on Balls
Batting: SHB Junior Felix 0-0: SINGLE (Groundball, 4MD, EV 95.6 MPH)
Brad Fullmer to second
Batting: RHB Jeff Abbott 0-0: Called Strike
0-1: Fielders Choice at 2nd, 6-4 (Groundball, 56, EV 82.5 MPH)
Brad Fullmer to third
Batting: RHB Scott Leius 0-0: Called Strike
0-1: Called Strike
0-2: SINGLE (Line Drive, 9LS, EV 103.8 MPH)
Brad Fullmer scores
Jeff Abbott to second
Batting: RHB Manny Alexander 0-0: Ball
1-0: Ball
2-0: Foul Ball, location: 2F
2-1: Ball
3-1: SINGLE (Groundball, 6M, EV 94.4 MPH)
Jeff Abbott to third
Scott Leius to second
Runner from 3rd tries for Home, SAFE, throw by CF to home
Batting: RHB Cheron Farley 0-0: Ball
1-0: Called Strike
1-1: Ball
2-1: Foul Ball, location: 2F
2-2: Strikes out swinging
Top of the 6th over - 4 runs, 5 hits, 0 errors, 2 left on base; Ocean City 15 - Brooklyn 0
BOTTOM OF THE 6TH
Brooklyn Cyclones batting - Pitching for Ocean City Blue Crabs : RHP Chad Ogea
Batting: SHB Turner Ward 0-0: Foul Ball, location: 2F
0-1: Fly out, F9 (Line Drive, 9D, EV 97.5 MPH)
Batting: LHB Greg Blosser 0-0: Ball
1-0: Foul Ball, location: 2F
1-1: Ball
2-1: Ball
3-1: SINGLE (Popup, 5D, EV 63.8 MPH)
Batting: RHB Brent Cookson 0-0: Called Strike
0-1: Fly out, F8 (Flyball, 8LXD, EV 103.1 MPH)
Batting: RHB Pedro Castellano 0-0: Ball
1-0: Called Strike
1-1: Ball
2-1: Ball
3-1: Base on Balls
Greg Blosser to second
Batting: RHB Mike R. Fitzgerald 0-0: Ball
1-0: DOUBLE (Flyball, 8LD, EV 103.1 MPH)
Greg Blosser scores
Pedro Castellano to third
Runner from 3rd tries for Home, SAFE, no throw by CF
Batting: RHB Alan Cockrell 0-0: Called Strike
0-1: Ball
1-1: Ground out U3 (Groundball, 34, EV 76.3 MPH)
Bottom of the 6th over - 2 runs, 2 hits, 0 errors, 1 left on base; Ocean City 15 - Brooklyn 2
TOP OF THE 7TH
Ocean City Blue Crabs batting - Pitching for Brooklyn Cyclones : RHP Mike Glendenning
Batting: RHB Takeshi Nakamura 0-0: Fly out, F8 (Line Drive, 8RM, EV 96.9 MPH)
Batting: RHB Jarvis Brown 0-0: Ball
1-0: Called Strike
1-1: Foul Ball, location: 2F
1-2: Ball
2-2: Ball
3-2: Base on Balls
Batting: LHB Pedro Valdes 0-0: Called Strike
0-1: Ball
1-1: Ball
2-1: Swinging Strike
2-2: Ball
3-2: Base on Balls
Jarvis Brown to second
Pitching: RHP Tim Belk
Batting: LHB Brad Fullmer 0-0: SINGLE (Flyball, 9S, EV 86.9 MPH)
Jarvis Brown to third
Pedro Valdes to second
Runner from 3rd tries for Home, SAFE, no throw by RF
Batting: SHB Junior Felix 0-0: Ball
1-0: Fielders Choice at 2nd, 4-6 (Groundball, 4, EV 84.4 MPH)
Pedro Valdes to third
Batting: RHB Jeff Abbott 0-0: Fielders Choice at 2nd, U6 (Groundball, 6M, EV 86.9 MPH)
Top of the 7th over - 1 run, 1 hit, 0 errors, 2 left on base; Ocean City 16 - Brooklyn 2
BOTTOM OF THE 7TH
Brooklyn Cyclones batting - Pitching for Ocean City Blue Crabs : RHP Chad Ogea
Pitching: RHP Rafael Carmona
Batting: RHB Onix Concepcion 0-0: Ball
1-0: Ball
2-0: Ground out 5-3 (Groundball, 56S, EV 82.5 MPH)
Batting: LHB Ray Giannelli 0-0: Ground out 4-3 (Groundball, 4, EV 83.1 MPH)
Batting: RHB Jed Hansen 0-0: Called Strike
0-1: Ball
1-1: Foul Ball, location: 2F
1-2: Ball
2-2: Fly out, F8 (Line Drive, 8LM, EV 96.3 MPH)
Bottom of the 7th over - 0 runs, 0 hits, 0 errors, 0 left on base; Ocean City 16 - Brooklyn 2
TOP OF THE 8TH
Ocean City Blue Crabs batting - Pitching for Brooklyn Cyclones : RHP Tim Belk
Batting: RHB Scott Leius 0-0: Fly out, F9 (Flyball, 9S, EV 91.9 MPH)
Batting: RHB Manny Alexander 0-0: Ball
1-0: Ground out 4-3 (Groundball, 4, EV 81.9 MPH)
Batting: RHB Cheron Farley 0-0: Called Strike
0-1: Foul Ball, location: 2F
0-2: Fly out, F9 (Flyball, 9D, EV 86.3 MPH)
Top of the 8th over - 0 runs, 0 hits, 0 errors, 0 left on base; Ocean City 16 - Brooklyn 2
BOTTOM OF THE 8TH
Brooklyn Cyclones batting - Pitching for Ocean City Blue Crabs : RHP Rafael Carmona
Batting: SHB Turner Ward 0-0: Ball
1-0: Ball
2-0: Ball
3-0: Base on Balls
Batting: LHB Greg Blosser 0-0: Grounds into double play, 5-4-3 (Groundball, 5, EV 108.1 MPH)
Batting: RHB Brent Cookson 0-0: Called Strike
0-1: Ball
1-1: Swinging Strike
1-2: Fly out, F7 (Flyball, 7LM, EV 93.8 MPH)
Bottom of the 8th over - 0 runs, 0 hits, 0 errors, 0 left on base; Ocean City 16 - Brooklyn 2
TOP OF THE 9TH
Ocean City Blue Crabs batting - Pitching for Brooklyn Cyclones : RHP Tim Belk
Batting: RHB Takeshi Nakamura 0-0: Ball
1-0: SINGLE (Groundball, 34D, EV 106.3 MPH)
Batting: RHB Jarvis Brown 0-0: SINGLE (Groundball, 6M, EV 91.3 MPH) (infield hit)
Takeshi Nakamura to second
Batting: LHB Pedro Valdes 0-0: Called Strike
0-1: Swinging Strike
0-2: Hit by Pitch
Takeshi Nakamura to third
Jarvis Brown to second
Batting: LHB Brad Fullmer 0-0: Called Strike
0-1: Foul Ball, location: 2F
0-2: Ball
1-2: Strikes out looking
Batting: SHB Junior Felix 0-0: Ball
Wild Pitch!
Takeshi Nakamura scores
Jarvis Brown to third
Pedro Valdes to second
1-0: Ball
2-0: Called Strike
2-1: Foul Ball, location: 2F
2-2: Ball
3-2: Base on Balls
Pinch Hitting: LHB Curtis Pride 0-0: Ball
1-0: Foul Ball, location: 2F
1-1: Called Strike
1-2: Ball
2-2: DOUBLE (Line Drive, 89XD, EV 101.9 MPH)
Jarvis Brown scores
Pedro Valdes scores
Junior Felix to third
Runner from 3rd tries for Home, SAFE, throw by RF to trailing runner, SAFE at third!
Batting: RHB Scott Leius 0-0: Called Strike
0-1: Ball
1-1: Foul Ball, location: 2F
1-2: Ball
2-2: Strikes out swinging
Batting: RHB Manny Alexander 0-0: Ball
1-0: Ball
2-0: Ball
3-0: Base on Balls
Batting: RHB Cheron Farley 0-0: Called Strike
0-1: Foul Ball, location: 2F
0-2: Ball
1-2: Ball
2-2: Ball
3-2: Base on Balls
Manny Alexander to second
Pitching: LHP Mike A. Bell
Batting: RHB Takeshi Nakamura 0-0: Called Strike
0-1: Ball
1-1: Ball
2-1: Foul Ball, location: 2F
2-2: SINGLE (Line Drive, 3D, EV 107.5 MPH)
Curtis Pride scores
Manny Alexander to third
Cheron Farley to second
Batting: RHB Jarvis Brown 0-0: Ball
1-0: Foul Ball, location: 2F
1-1: Ball
2-1: Swinging Strike
2-2: Ground out 5-3 (Groundball, 56S, EV 86.3 MPH)
Top of the 9th over - 5 runs, 4 hits, 0 errors, 3 left on base; Ocean City 21 - Brooklyn 2
BOTTOM OF THE 9TH
Brooklyn Cyclones batting - Pitching for Ocean City Blue Crabs : RHP Rafael Carmona
Now in LF: Curtis Pride
Batting: RHB Pedro Castellano 0-0: Ball
1-0: Ball
2-0: Called Strike
2-1: Foul Ball, location: 2F
2-2: Foul Ball, location: 2F
2-2: Ground out 6-3 (Groundball, 6, EV 86.3 MPH)
Batting: RHB Mike R. Fitzgerald 0-0: Ball
1-0: Fly out, F9 (Flyball, 9LD, EV 101.3 MPH)
Batting: RHB Alan Cockrell 0-0: Ball
1-0: Ball
2-0: Ball
3-0: Called Strike
3-1: Ground out 4-3 (Groundball, 4MD, EV 106.3 MPH)
Bottom of the 9th over - 0 runs, 0 hits, 0 errors, 0 left on base; Ocean City 21 - Brooklyn 2
Thursday, February 12th, 2026 - OOTP Baseball 20.8 Build 74